 Dungeon Crawl Stone Soup version 0.30.1-11-g7821555f0a (webtiles) character file.

Game seed: 3351691471339332158

7366 pkoi the Grappler (level 10, -6/72 HPs)
             Began as a Red Draconian Artificer on Nov 15, 2023.
             Was a Priest of Hepliaklqana.
             Mangled by a cane toad (21 damage)
             ... on level 1 of the Lair of Beasts on Nov 16, 2023.
             The game lasted 00:22:00 (11598 turns).

pkoi the Grappler (Red Draconian Artificer)        Turns: 11598, Time: 00:22:00

Health: -6/72      AC:  7    Str: 15    XL:     10   Next: 91%
Magic:  14/14      EV: 13    Int: 15    God:    Hepliaklqana [***...]
Gold:   600        SH:  0    Dex: 12    Spells: 12/15 levels left

rFire   + .          .
                       - Unarmed
rCold   . . .        (no shield)
rNeg    . . .        (body armour unavailable)
rPois   +            (helmet restricted)
rElec   .            t - scarf {repulsion}
rCorr   .            (no gloves)
SInv    .            (no boots)
Will    .....        (no amulet)
Stlth   +            (no ring)
HPRegen 1.12/turn    (no ring)
MPRegen 0.14/turn

%: repel missiles
@: short of breath
A: reduced essence, breathe fire, AC +7, unfitting armour, fire resistance 1,
cold-blooded, poison resistance, regeneration 1
a: Breathe Fire, Renounce Religion, Recall Ancestor, Ancestor Identity,
Transference


You were on level 1 of the Lair of Beasts.
You worshipped Hepliaklqana.
Hepliaklqana was most pleased with you.
You visited 3 branches of the dungeon, and saw 11 of its levels.

You collected 600 gold pieces.

Inventory:

Hand Weapons
 a - a +0 club
 q - a +0 spear of venom
 r - a +0 heavy quarterstaff
 s - a +2 short sword of venom
Missiles
 x - 5 curare-tipped darts
Armour
 t - a scarf of repulsion (worn)
Wands
 b - a wand of flame (9) (quivered)
 c - a wand of charming (12)
 d - a wand of iceblast (4)
 u - a wand of polymorph (14)
 y - a wand of roots (1)
Scrolls
 i - a scroll of identify
 j - 2 scrolls of teleportation
 l - a scroll of magic mapping
 m - a scroll of enchant weapon
 p - a scroll of fog
 v - 3 scrolls of enchant armour
 w - a scroll of poison
Potions
 e - 5 potions of curing
 f - 2 potions of lignification
 g - 5 potions of flight
 h - a potion of brilliance
 k - 3 potions of haste
 n - 4 potions of heal wounds
 o - a potion of invisibility


   Skills:
 + Level 5.2 Fighting
 + Level 4.6 Dodging
 - Level 0.8 Stealth
 + Level 11.5 Unarmed Combat
 - Level 3.0 Spellcasting
 - Level 6.0 Air Magic
 + Level 8.1 Evocations


You had 12 spell levels left.
You knew the following spells:

 Your Spells              Type           Power      Damage    Failure   Level
a - Swiftness             Air            20%        N/A       4%          3

Your spell library contained the following spells:

 Spells                   Type           Power      Damage    Failure   Level
 Shock                    Conj/Air       44%        1d5       6%          1
 Poisonous Vapours        Pois/Air       22%        N/A       9%          2
 Airstrike                Air            10%        2d(2-18)  17%         4
 Freeze                   Ice            8%         1d3       21%         1
 Sting                    Tmut/Pois      8%         1d3       21%         1
 Ensorcelled Hibernation  Hex/Ice        4%         N/A       30%         2
 Passwall                 Tmut/Erth      1%         N/A       30%         2
 Sublimation of Blood     Necr           2%         N/A       30%         2
 Wereblood                Tmut           2%         N/A       30%         2
 Frozen Ramparts          Ice            4%         1d1       52%         3
 Hailstorm                Conj/Ice       2%         3d3       52%         3
 Olgreb's Toxic Radiance  Pois           2%         N/A       89%         4
 Summon Hydra             Summ           1%         N/A       100%        7


Dungeon Overview and Level Annotations

Branches:
Dungeon (9/15)             Temple (1/1) D:5            Lair (1/5) D:8
    Orc: D:9-12

Altars:
Ashenzari
Cheibriados
Dithmenos
Elyvilon
Fedhas
Gozag
Hepliaklqana
Kikubaaqudgha
Makhleb
Nemelex Xobeh
Okawaru
Qazlal
Ru
Sif Muna
Trog
Uskayaw
Vehumet
Wu Jian
Xom
Yredelemnul
Zin
The Shining One

Shops:
D:2 =   D:8 (

Annotations:
Lair:1 Urug


Innate Abilities, Weirdness & Mutations

Your life essence is reduced to manifest your ancestor. (-10% HP)
You can breathe blasts of fire.
Your fiery red scales are hard. (AC +7)
You cannot fit into any form of body armour.
Your flesh is heat resistant. (rF+)
You are cold-blooded and may be slowed by cold attacks.
Your system is resistant to poisons. (rPois)
Your natural rate of healing is unusually fast.


Message History

Press: ? - help, Shift-Dir - straight line, f - rime drake
Aim: a rime drake (ally target, 60% to hit)
You breathe a blast of fire.
The fiery breath hits the rime drake!
The rime drake is moderately wounded.
Njabulo closely misses the rime drake.
The rime drake is engulfed in blazing flames.
The rime drake misses you.
You miss the rime drake.
The rime drake is almost dead.
The rime drake is engulfed in blazing flames.
You kill the rime drake!
Unknown command.
You start waiting.
You have got your breath back.
n - 4 potions of heal wounds (gained 1)
You swap places.
You swap places.
Key pressed, stopping explore.
Urug the Orcish Ballista comes into view.
She is wielding a +7 demon trident of flaming and carrying a wand of roots (2).
You swap places.
A komodo dragon comes into view.
The komodo dragon hisses angrily.
A komodo dragon is nearby!
A komodo dragon is nearby!
A cane toad comes into view.
The komodo dragon bites you but does no damage.
You punch the komodo dragon!
Your tail-slap misses the komodo dragon.
The komodo dragon is moderately wounded.
The komodo dragon bites you!!
Aiming: Breathe Fire (3% risk of failure)
Press: ? - help, Shift-Dir - straight line, f - cane toad
Aim: a cane toad (72% to hit)
You breathe a blast of fire.
The fiery breath hits the cane toad!
The cane toad is lightly wounded.
The komodo dragon bites you!!
* * * LOW HITPOINT WARNING * * *
The cane toad is engulfed in blazing flames.
The cane toad stings you!!
You die...

..............#
.R#.#.....##.## .....
.###.....##### ..... .#
##....# ######.....
.####....#####.........#
.##.#.....#.#..........#
...##P.#...............#
...#####........RF.....#
...## ##........@l......
...P# #P................
...## ##................
...####.................
......####.............#
......# #.............#
......# #.............#
......# #.............#
....[.## #............


You could see the friendly Njabulo the knight, a komodo dragon (ally target) and
a cane toad.

Vanquished Creatures
  Sonja (Lair:1)
  An elephant (D:8)
  A cane toad (Lair:1)
  A rime drake (Lair:1)
  A hornet (D:9)
  4 yaks (Lair:1)
  2 wyverns
  A steam dragon (D:9)
  3 acid dragons
  2 water moccasins
  2 ice beasts
  An orc warrior (D:7)
  A black bear (D:8)
  3 ogres
  2 phantoms
  2 bullfrogs (D:9)
  2 gnoll sergeants
  2 scorpions
  6 wights
  3 killer bees (D:8)
  3 howler monkeys
  4 hounds
  3 sleepcaps
  3 jellies
  6 orc priests
  Terence (D:3)
  3 iguanas
  4 orc wizards
  Robin (D:3)
  5 adders
  7 gnolls
  2 shadow imps (D:7)
  A white imp (D:5)
  An ufetubus (D:6)
  A worm (D:2)
  2 dart slugs
  24 orcs
  13 ball pythons
  8 bats
  7 endoplasms
  3 giant cockroaches
  13 goblins
  10 hobgoblins
  3 quokkas
  4 frilled lizards
  5 kobolds
  6 rats
184 creatures vanquished.

Vanquished Creatures (collateral kills)
  4 yaks (Lair:1)
  A steam dragon (D:8)
  An acid dragon (D:9)
  A black bear (D:8)
  2 centaurs
  A bullfrog (D:8)
  2 wights (D:9)
  2 killer bees (D:8)
  2 quasits (D:7)
  An orc priest (D:5)
  A gnoll bouda (D:8)
  A sleepcap (D:7)
  4 orc wizards
  3 gnolls
  2 white imps (D:7)
  10 orcs
38 creatures vanquished.

Vanquished Creatures (others)
  A knight (D:8)
  An adder (D:5)
  3 orcs
  2 goblins (D:3)
  2 hobgoblins (D:3)
9 creatures vanquished.

Grand Total: 231 creatures vanquished

Notes
Turn   | Place    | Note
-------+----------+-------------------------------------------
     0 | D:1      | pkoi the Draconian Artificer began the quest for the Orb.
     0 | D:1      | Reached XP level 1. HP: 16/16 MP: 1/1
   147 | D:1      | Reached skill level 1 in Unarmed Combat
   150 | D:1      | Reached XP level 2. HP: 22/23 MP: 2/2
   626 | D:1      | Reached XP level 3. HP: 27/28 MP: 3/3
   703 | D:1      | Reached skill level 2 in Unarmed Combat
  1578 | D:2      | Found Deagoem's Jewellery Emporium.
  1631 | D:2      | Found a faded altar of an unknown god.
  2465 | D:3      | Reached XP level 4. HP: 35/35 MP: 4/4
  2530 | D:3      | Noticed Terence
  2537 | D:3      | Killed Terence
  2538 | D:3      | Reached skill level 3 in Unarmed Combat
  3420 | D:3      | Noticed Robin
  3436 | D:3      | Killed Robin
  3440 | D:3      | Reached XP level 5. HP: 14/40 MP: 5/5
  3917 | D:4      | Gained mutation: Your natural rate of healing is unusually
                  | fast. [potion of mutation]
  3917 | D:4      | Gained mutation: Your system is resistant to poisons.
                  | (rPois) [potion of mutation]
  4090 | D:4      | Reached skill level 4 in Unarmed Combat
  4215 | D:4      | Noticed an ogre
  4221 | D:4      | Killed an ogre
  4222 | D:4      | Reached skill level 5 in Evocations
  4222 | D:4      | Reached XP level 6. HP: 47/47 MP: 6/6
  4278 | D:4      | Identified the +1 robe of the Trilobite {rN+ Regen+ Int-3}
  4636 | D:5      | Entered Level 5 of the Dungeon
  4868 | D:5      | Reached skill level 5 in Unarmed Combat
  4904 | D:5      | Learned a level 3 spell: Swiftness
  5142 | D:5      | Noticed a water moccasin
  5152 | D:5      | Killed a water moccasin
  5153 | D:5      | Your scales start taking on a fiery red colour.
  5153 | D:5      | Reached XP level 7. HP: 52/52 MP: 7/7
  5153 | D:5      | Gained mutation: Your flesh is heat resistant. (rF+) [Red
                  | Draconian growth]
  5276 | D:5      | Reached skill level 6 in Unarmed Combat
  5306 | D:5      | Found a staircase to the Ecumenical Temple.
  5317 | Temple   | Entered the Ecumenical Temple
  5637 | Temple   | Became a worshipper of Hepliaklqana the Forgotten
  6184 | D:5      | Reached skill level 7 in Unarmed Combat
  6246 | D:6      | Reached * piety under Hepliaklqana
  6254 | D:6      | Reached XP level 8. HP: 34/53 MP: 8/8
  6587 | D:6      | Reached skill level 8 in Unarmed Combat
  7335 | D:6      | Reached ** piety under Hepliaklqana
  7336 | D:6      | Remembered your ancestor Njabulo as a knight
  7778 | D:7      | Reached skill level 9 in Unarmed Combat
  7923 | D:7      | Reached XP level 9. HP: 18/62 MP: 9/9
  8647 | D:7      | Found a stormy altar of Qazlal.
  8648 | D:7      | Found an opulent altar of Gozag.
  8649 | D:7      | Found a broken altar of Ashenzari.
  8861 | D:8      | Reached skill level 1 in Air Magic
  8875 | D:8      | Reached skill level 1 in Spellcasting
  8934 | D:8      | Found Veyphiq's Antique Weapon Emporium.
  8988 | D:8      | Reached skill level 10 in Unarmed Combat
  8989 | D:8      | Noticed an elephant
  9010 | D:8      | Killed an elephant
  9319 | D:8      | Found a staircase to the Lair.
  9498 | D:8      | Reached *** piety under Hepliaklqana
  9619 | D:8      | Reached XP level 10. HP: 69/69 MP: 14/14
 10019 | D:9      | Reached skill level 11 in Unarmed Combat
 10261 | D:9      | Reached skill level 5 in Air Magic
 10745 | D:9      | Found a sacrificial altar of Ru.
 10978 | Lair:1   | Entered Level 1 of the Lair of Beasts
 11326 | Lair:1   | Noticed Sonja
 11332 | Lair:1   | Killed Sonja
 11336 | Lair:1   | Reached skill level 5 in Fighting
 11346 | Lair:1   | Noticed a cane toad
 11363 | Lair:1   | Killed a cane toad
 11545 | Lair:1   | Noticed Urug
 11594 | Lair:1   | Noticed a cane toad
 11598 | Lair:1   | Mangled by a cane toad

Illustrated notes

Levels and vault maps discovered:
D:1:      elethiomel_arrival_maze, layout_loops_ring, serial_bayou,
          serial_bayou_pond_b, serial_bayou_ford_a, serial_bayou_pond_c
D:2:      layout_basic, serial_shops, nicolae_shop_window_shopping,
          hellmonk_ecumenical_altar_defaced_shrine, reono_crystal_passage
D:3:      layout_loops_corners, minmay_vboxes, uniq_terence, uniq_robin
D:4:      layout_basic, nicolae_concentric_dashed_squares_wild
D:5:      layout_gridville, minmay_temple_entry_crystal_x
D:6:      layout_layer_cave, chequers_decorated_corner, st_stairs_10
D:7:      kennysheep_spiral_hall, layout_basic, minitemple, serial_demonic,
          serial_demonic_f, serial_demonic_f, serial_demonic_c, serial_demonic_e
D:8:      layout_basic, david_lair_generic, serial_shops, shop
D:9:      layout_basic, nicolae_ru_the_path_less_chosen
Temple:   dpeg_five_rooms_temple
Lair:1:   layout_cellular_growth, uniq_sonja, uniq_urug

Skill      XL: |  1  2  3  4  5  6  7  8  9 10 |
---------------+-------------------------------+-----
Unarmed Combat | 1 2 3 4 5 7 9 10 11 | 11.5
Evocations     | 4 5 6 7 8 |  8.1
Fighting       | 3 5 |  5.2
Dodging        | 3 4 |  4.6
Air Magic      | 4 6 |  6.0
Spellcasting   | 3 |  3.0
Stealth        | |  0.8

Action                     |  1- 3 |  4- 6 |  7- 9 | 10-12 || total
---------------------------+-------+-------+-------+-------++-------
  Melee: Club              |    25 |       |       |       ||    25
         Tailslap          |    34 |    22 |    26 |    21 ||   103
         Punch             |     5 |     3 |    11 |     7 ||    26
         Dagger            |   210 |       |       |       ||   210
         Quarterstaff      |     7 |    71 |       |       ||    78
         Unarmed           |       |    82 |   263 |    89 ||   434
 Invoke: Recall Ancestor   |       |       |     3 |     2 ||     5
         Ancestor Life: Kn |       |       |     1 |       ||     1
         Ancestor Identity |       |       |     1 |       ||     1
Ability: Breathe Fire      |       |       |    22 |    13 ||    35
  Evoke: Wand              |       |    21 |     3 |     1 ||    25
    Use: Scroll            |       |     7 |     6 |     2 ||    15
         Potion            |       |     6 |     1 |       ||     7
   Stab: Sleeping          |     3 |       |     1 |       ||     4
         Distracted        |       |       |     2 |     1 ||     3
 Armour: Skin              |    77 |    87 |    79 |    21 ||   264
  Dodge: Dodged            |   163 |   133 |   193 |    52 ||   541
         Repelled          |       |     1 |     2 |     1 ||     4
